 Dungeon Crawl Stone Soup version 0.29-a0-284-gf9362112df (webtiles) character file.

Game seed: 3248445713990057598

18 sokol815 the Sneak (level 2, -7/19 HPs)
             Began as a Gargoyle Delver on Mar 25, 2022.
             Mangled by a yak (14 damage)
             ... on level 5 of the Dungeon.
             The game lasted 00:00:58 (640 turns).

sokol815 the Sneak (Gargoyle Delver)                 Turns: 640, Time: 00:00:58

Health: -7/19      AC:  5    Str: 15    XL:     2   Next: 66%
Magic:  2/2        EV: 11    Int: 10    God:
Gold:   43         SH:  0    Dex: 11    Spells: 1/1 levels left

rFire   . . .      SeeInvis .   a - +0 hand axe
rCold   . . .      Faith    .   (no shield)
rNeg    + . .      Spirit   .   b - +0 leather armour
rPois   ∞          Reflect  .   (no helmet)
rElec   +          Harm     .   (no cloak)
rCorr   .          Rampage  .   (no gloves)
Will    .....                   (no boots)
Stlth   +++.......              (no amulet)
HPRegen 0.06/turn               (no ring)
MPRegen 0.08/turn               (no ring)

@: no status effects
A: sickness immunity, AC +2, negative energy resistance 1, electricity
resistance, torment resistance 1, petrification resistance
a: no special abilities


You were on level 5 of the Dungeon.
You visited 1 branch of the dungeon, and saw 1 of its levels.

You collected 43 gold pieces.

Inventory:

Hand Weapons
 a - a +0 hand axe (weapon)
Armour
 b - a +0 leather armour (worn)
Wands
 d - a wand of digging (3)
Scrolls
 c - a scroll of fog
 E - a scroll of fear
 X - a scroll of magic mapping {@r4!r}
Potions
 H - a potion of haste


   Skills:
 - Level 3.2 Fighting
 + Level 2.9 Axes
 - Level 1.5 Dodging
 - Level 5.4 Stealth


You had one spell level left.
You didn't know any spells.
Your spell library contained the following spells:

 Spells                   Type           Power      Damage    Failure   Level
 Blink                    Tloc           0%         N/A       56%         2
 Lesser Beckoning         Tloc           0%         N/A       80%         3
 Manifold Assault         Tloc           0%         N/A       100%        5


Dungeon Overview and Level Annotations

Branches:
Dungeon (5/15)
 Temple: D:4-7

Altars:

Annotations:
D:5 exclusions: hound and jelly


Innate Abilities, Weirdness & Mutations

You are immune to sickness and miasma.
Your stone body is resilient. (AC +2)
You are immune to poison.
You resist negative energy. (rN+)
You are resistant to electric shocks. (rElec)
You are resistant to unholy torment.
You are immune to petrification.


Message History

The marvelous Orb of Zot lies far below, as if waiting for you to find it.
Found a stone staircase leading down.
You now have 8 gold pieces.
A hound comes into view.
Here: a hound (asleep)
The floor.
There is a stone staircase leading down here.
An adder comes into view.
You see here 15 gold pieces.
The helpless adder fails to defend itself.
You hit the adder but do no damage. The adder barely misses you.
The adder bites you.
You take 4 damage, and have 10/14 hp.
MASSIVE DAMAGE!!
You hit the adder. The adder bites you but does no damage.
You barely miss the adder. The adder bites you. x2
You take 3 damage, and have 7/14 hp.
MASSIVE DAMAGE!!
You miss the adder. The adder barely misses you. The adder misses you.
You barely miss the adder. The adder barely misses you.
You hit the adder.
The adder bites you but does no damage. x2
You barely miss the adder. The adder barely misses you.
You miss the adder. The adder bites you but does no damage.
The adder closely misses you.
You hit the adder. The adder closely misses you. The adder bites you.
You take 2 damage, and have 5/14 hp.
You hit the adder. Your punch misses the adder. The adder closely misses you.
Unknown command.
You slash the adder!
You kill the adder!
Your Axes skill increases to level 2!
You have reached level 2!
You regained 2 hp, and now have 7/19 hp.
MP restored: 2 You start resting.
Health restored: 19 You now have 23 gold pieces (gained 15).
You now have 30 gold pieces (gained 7).
An adder comes into view.
The adder hisses angrily.
You closely miss the adder. The adder closely misses you.
You closely miss the adder. The adder misses you. The adder barely misses you.
You barely miss the adder. The adder bites you but does no damage.
You hit the adder. The adder bites you but does no damage. The adder bites you.
You take 4 damage, and have 15/19 hp.
MASSIVE DAMAGE!!
You hit the adder. The adder bites you but does no damage.
You miss the adder. The adder bites you but does no damage.
The adder bites you.
You take 1 damage, and have 14/19 hp.
You hit the adder. The adder bites you.
You take 2 damage, and have 12/19 hp.
You hit the adder. The adder bites you but does no damage.
The adder barely misses you.
You barely miss the adder. The adder closely misses you.
You miss the adder. The adder closely misses you.
The adder bites you but does no damage.
You hit the adder but do no damage. The adder bites you but does no damage.
You barely miss the adder. The adder bites you. x2
You take 3 damage, and have 10/19 hp.
You are too injured to fight recklessly!
You are too injured to fight recklessly!
You barely miss the adder. The adder closely misses you.
You closely miss the adder. The adder bites you. x2
* * * LOW HITPOINT WARNING * * *
You take 5 damage, and have 5/19 hp.
MASSIVE DAMAGE!!
You closely miss the adder. The adder bites you but does no damage.
The adder barely misses you.
You barely miss the adder. The adder bites you.
* * * LOW HITPOINT WARNING * * *
You take 1 damage, and have 4/19 hp.
You barely miss the adder.
The adder bites you but does no damage. x2
You closely miss the adder. The adder bites you but does no damage.
You closely miss the adder. The adder barely misses you.
The adder bites you but does no damage.
You closely miss the adder. The adder bites you.
* * * LOW HITPOINT WARNING * * *
You take 1 damage, and have 3/19 hp.
You hit the adder.
You kill the adder!
You start resting.
Health restored: 19 You pick up a book of Spatial Translocations and begin reading...
You add the spells Blink, Lesser Beckoning and Manifold Assault to your library.
Okay, then.
A jelly comes into view.
You now have 43 gold pieces (gained 13). 6 yaks come into view.
The yak bellows! x4
The yak moves out of view.
You see here 16 gold pieces.
The yak attacks as you move away! The yak completely misses you.
The yak attacks as you move away! The yak gores you!
Ouch! That really hurt!
You take 12 damage, and have 7/19 hp.
MASSIVE DAMAGE!!
The yak attacks as you move away! The yak gores you!
Ouch! That really hurt!
You die...

#.#.####........
#.#....########.
#######.#.##.#........
#............##.#####.
#.......#.###...#####.
#.......#.Y...........
#....Y..##....########
#....Y..##.####
#....@..##.#
#.......##..J...#
#....^..#######.#
#.......# #########


You could see 2 yaks.

Vanquished Creatures
  2 adders (D:5)
2 creatures vanquished.

Notes
Turn   | Place    | Note
-------+----------+-------------------------------------------
     0 | D:5      | sokol815 the Gargoyle Delver began the quest for the Orb.
     0 | D:5      | Reached XP level 1. HP: 14/14 MP: 1/1
     8 | D:5      | Noticed a hound
    42 | D:5      | Reached skill level 2 in Axes
    42 | D:5      | Reached XP level 2. HP: 7/19 MP: 2/2
   266 | D:5      | HP: 4/19 [adder (1)]
   607 | D:5      | Noticed a yak
   607 | D:5      | Noticed a yak
   607 | D:5      | Noticed a yak
   607 | D:5      | Noticed a yak
   607 | D:5      | Noticed a yak
   607 | D:5      | Noticed a yak
   640 | D:5      | Mangled by a yak

Illustrated notes

Levels and vault maps discovered:
D:5:      layout_basic, uniq_crazy_yiuf_cottage

Skill      XL: |  1 |
---------------+----+-----
Axes           | 2 |  2.9
Fighting       | |  3.2
Dodging        | |  1.5
Stealth        | |  5.4

Action                   || total
-------------------------++-------
Melee: Hand axe          ||    32
 Stab: Sleeping          ||     1
Armor: Leather armour    ||    16
Dodge: Dodged            ||    18

Table legend: (Time is in decaauts)
 A = Elapsed time spent in this place.
 B = Non-inter-level travel time spent in this place.
 C = Inter-level travel time spent in this place.
 D = Time resting spent in this place.
 E = Time spent auto-exploring this place.
 F = Levels seen in this place.
 G = Mean time per level.
                   A        B        C        D        E       F      G
               +--------+--------+--------+--------+--------+-----+--------+
         Total |    645 |    645 |      0 |    438 |    107 |   1 |  645.0 |
       Dungeon |    645 |    645 |      0 |    438 |    107 |   1 |  645.0 |
               +--------+--------+--------+--------+--------+-----+--------+

Top non-repeatable levels by time:
     D:5: 645 daAuts

Table legend:
 A = Kills in this place as a percentage of kills in entire the game.
 B = Kills by you in this place as a percentage of kills by you in the entire game.
 C = Kills by friends in this place as a percentage of kills by friends in the entire game.
 D = Other kills in this place as a percentage of other kills in the entire game.
 E = Experience gained in this place as a percentage of experience gained in the entire game.
 F = Experience gained in this place divided by the number of levels of this place that you have seen.
                   A       B       C       D       E      F
               +-------+-------+-------+-------+-------+----------------------
         Total | 100.0 | 100.0 |   N/A |   N/A | 100.0 |  26.0
       Dungeon | 100.0 | 100.0 |   N/A |   N/A | 100.0 |  26.0
               +-------+-------+-------+-------+-------+----------------------
